 Dungeon Crawl Stone Soup version 0.29-a0-271-gd4eb659eea (webtiles) character file.

Game seed: 7562735914435824466

106 Zeldest the Slasher (level 4, -3/28 HPs)
             Began as a Tengu Gladiator on Mar 9, 2022.
             Killed from afar by Sigmund (12 damage)
             ... with a puff of flame
             ... on level 3 of the Dungeon.
             The game lasted 00:02:30 (2002 turns).

Zeldest the Slasher (Tengu Gladiator)               Turns: 2002, Time: 00:02:31

Health: -3/28      AC:  4    Str: 15    XL:     4   Next: 84%
Magic:  5/5        EV: 13    Int:  8    God:
Gold:   107        SH:  0    Dex: 17    Spells: 3/3 levels left

rFire   . . .      SeeInvis .   a - +0 long sword
rCold   . . .      Faith    .   (no shield)
rNeg    . . .      Spirit   .   b - +0 leather armour
rPois   .          Reflect  .   c - +0 hat
rElec   .          Harm     .   (no cloak)
rCorr   .          Rampage  .   f - +0 pair of gloves
Will    .....                   (boots unavailable)
Stlth   +.........              (no amulet)
HPRegen 0.09/turn               (no ring)
MPRegen 0.09/turn               (no ring)

@: about to teleport
A: beak, talons 3
a: no special abilities


You were on level 3 of the Dungeon.
You visited 1 branch of the dungeon, and saw 3 of its levels.

You collected 107 gold pieces.

Inventory:

Hand Weapons
 a - a +0 long sword (weapon)
 k - a +0 rapier
Missiles
 d - 3 throwing nets (quivered)
 e - a javelin
Armour
 b - a +0 leather armour (worn)
 c - a +0 hat (worn)
 f - a +0 pair of gloves (worn)
Scrolls
 g - a scroll of identify {unknown}
 l - a scroll of holy word {unknown}


   Skills:
 + Level 3.2 Fighting
 + Level 4.3 Long Blades
 - Level 2.0 Throwing
 + Level 4.3 Dodging


You had 3 spell levels left.
You didn't know any spells.
Your spell library was empty.

Dungeon Overview and Level Annotations

Branches:
Dungeon (3/15)

Altars:
Trog

Annotations:
D:3 Sigmund


Innate Abilities, Weirdness & Mutations

You have a beak for a mouth.
You have claws for feet.


Message History

A gnoll comes into view. It is wielding a +0 halberd.
The gnoll shouts!
The gnoll moves out of view.
A gnoll comes into view. It is wielding a +0 club.
A gnoll is nearby!
A gnoll is nearby!
Found a potion of brilliance.
A gnoll comes into view. It is wielding a +0 spear.
The gnoll shouts!
An orc comes into view. It is wielding a +0 club.
The orc shouts!
The orc hits you with a +0 club.
You barely miss the orc. Your kick misses the orc.
You peck the orc, but do no damage. The orc hits you with a +0 club.
You hit the orc but do no damage. The orc misses you.
You hit the orc. You claw the orc, but do no damage.
The orc is lightly wounded.
The orc closely misses you.
You closely miss the orc. You peck the orc.
The orc is heavily wounded.
The orc barely misses you. The orc hits you with a +0 club.
You hit the orc but do no damage. You claw the orc.
You kill the orc!
Things that are here:
a +0 club; a +0 leather armour; an orc corpse Sigmund the Dreaded comes into view.
He is wielding a +0 scythe.
Sigmund shouts!
You hear a shout!
You hear a bark!
Sigmund hits you with a +0 scythe.
As you read the scroll labelled EHAPSO MUBYETO, it crumbles to dust.
Your body is wracked with pain!
Sigmund convulses!
The gnoll convulses! x2
It was a scroll of torment.
A goblin comes into view. It is wielding a +0 club.
You aren't carrying any potions.
As you read the scroll labelled ZIUNOSCH GOFFUA, it crumbles to dust.
You feel strangely unstable.
It was a scroll of teleportation.
The gnoll shouts!
A jackal comes into view.
Sigmund casts a spell at you. The puff of flame hits you!
You die...

###### . #.....
....###############.....
......@@g.g...g..)......
..hg###############.....
. ###### .. ... ...


You could see Sigmund, 3 gnolls, a jackal (wandering) and a goblin.

Vanquished Creatures
  An iguana (D:2)
  2 adders
  3 dart slugs
  2 orcs (D:3)
  6 bats (D:1)
  4 endoplasms (D:1)
  4 goblins
  5 hobgoblins
  8 jackals
  3 kobolds
  A quokka (D:2)
  A ball python (D:1)
  A frilled lizard (D:1)
  8 rats
49 creatures vanquished.

Notes
Turn   | Place    | Note
-------+----------+-------------------------------------------
     0 | D:1      | Zeldest the Tengu Gladiator began the quest for the Orb.
     0 | D:1      | Reached XP level 1. HP: 12/12 MP: 2/2
   240 | D:1      | Reached XP level 2. HP: 13/17 MP: 3/3
   478 | D:1      | Noticed a shining eye
   480 | D:1      | Found a faded altar of an unknown god.
   482 | D:1      | Noticed an eye of devastation
   581 | D:1      | Noticed a floating eye
   584 | D:1      | Noticed a great orb of eyes
   677 | D:1      | Reached XP level 3. HP: 17/22 MP: 4/4
  1367 | D:2      | Found a bloodstained altar of Trog.
  1495 | D:2      | Reached XP level 4. HP: 19/28 MP: 5/5
  1997 | D:3      | Noticed Sigmund
  2002 | D:3      | Killed from afar by Sigmund

Illustrated notes

Levels and vault maps discovered:
D:1:      kennysheep_arrival_forest, layout_loops_cross,
          hellmonk_ecumenical_altar_watching_god, minmay_pentomino_q4
D:2:      layout_basic, basic_altar
D:3:      layout_basic, st_stairs_2, minmay_misc_feat_rugged,
          grunt_ministairs_5, minmay_unequal, uniq_robin, uniq_sigmund

Skill      XL: |  1  2  3 |
---------------+----------+-----
Long Blades    | 4 |  4.3
Fighting       | 3 |  3.2
Dodging        | 4 |  4.3
Throwing       | |  2.0

Action                   |  1- 3 |  4- 6 || total
-------------------------+-------+-------++-------
Melee: Long sword        |    70 |    24 ||    94
       Kick              |    14 |     6 ||    20
       Peck              |    12 |     6 ||    18
  Use: Potion            |     2 |       ||     2
       Scroll            |       |     2 ||     2
 Stab: Sleeping          |     2 |     2 ||     4
Armor: Leather armour    |    13 |     2 ||    15
Dodge: Dodged            |    53 |    15 ||    68

Table legend: (Time is in decaauts)
 A = Elapsed time spent in this place.
 B = Non-inter-level travel time spent in this place.
 C = Inter-level travel time spent in this place.
 D = Time resting spent in this place.
 E = Time spent auto-exploring this place.
 F = Levels seen in this place.
 G = Mean time per level.
                   A        B        C        D        E       F      G
               +--------+--------+--------+--------+--------+-----+--------+
         Total |   2021 |   1979 |     42 |    675 |    928 |   3 |  673.7 |
       Dungeon |   2021 |   1979 |     42 |    675 |    928 |   3 |  673.7 |
               +--------+--------+--------+--------+--------+-----+--------+

Top non-repeatable levels by time:
     D:1: 980 daAuts
     D:2: 789 daAuts
     D:3: 251 daAuts
